 Dungeon Crawl Stone Soup version 0.31.0 (webtiles) character file.

Game seed: 7452261465183285547

5 Sweeb the Apothecary (level 1, -1/11 HPs)
             Began as an Octopode Alchemist on Jan 19, 2024.
             Slain by a kobold
             ... wielding a +0 dagger
              (3 damage)
             ... on level 1 of the Dungeon.
             The game lasted 00:00:53 (82 turns).

Sweeb the Apothecary (Octopode Alchemist)             Turns: 82, Time: 00:00:53

Health: -1/11      AC:  1    Str:  7    XL:     1   Next: 80%
Magic:  0/3        EV: 13    Int: 17    God:
Gold:   9          SH:  0    Dex: 12    Spells: 3/4 levels left

rFire   . . .        (no weapon)
rCold   . . .        (no shield)
rNeg    . . .        (helmet restricted)
rPois   .            (no amulet)
rElec   .            (no ring)
rCorr   .            (no ring)
SInv    .            (no ring)
Will    .....        (no ring)
Stlth   +++          (no ring)
HPRegen 0.21/turn    (no ring)
MPRegen 0.08/turn    (no ring)
                     (no ring)

%: no passive effects
@: no status effects
A: almost no armour, amphibious, 8 rings, camouflage 1, gelatinous body 1,
(nimble swimmer 1), tentacles
a: no special abilities


You were on level 1 of the Dungeon.
You visited 1 branch of the dungeon, and saw 1 of its levels.

You collected 9 gold pieces.

Inventory:

Potions
 a - a potion of magic
 b - 2 potions of cancellation {unknown}


   Skills:
 + Level 2.1 Dodging
 - Level 2.6 Stealth
 + Level 2.0 Spellcasting
 * Level 1.3 Conjurations
 + Level 3.3 Alchemy


You had 3 spell levels left.
You knew the following spells:

 Your Spells              Type           Power      Damage    Failure   Level
a - Sting                 Conj/Alch      36%        1d5       8%          1

Your spell library contained the following spells:

 Spells                   Type           Power      Damage    Failure   Level
 Mercury Vapours          Alch/Air       14%        N/A       14%         2
 Mephitic Cloud           Conj/Alch/Air  7%         N/A       30%         3
 Olgreb's Toxic Radiance  Alch           13%        N/A       43%         4
 Sticky Flame             Fire/Alch      7%         2d4       67%         4


Dungeon Overview and Level Annotations

Branches:
Dungeon (1/15)

Altars:


Innate Abilities, Weirdness & Mutations

You cannot wear most types of armour.
You are amphibious.
You can wear up to eight rings at the same time.
Your skin changes colour to match your surroundings (Stealth+).
Your rubbery body absorbs attacks. (AC +1, EV +1)
((You are camouflaged when in or above water. (Stealth+)))
You have tentacles for arms and can constrict up to eight enemies at once.


Message History

Confirm with . or Enter, or press ? or * to list all spells.
Aiming: Sting (safe; 8% risk of failure)
Press: ? - help, Shift-Dir - straight line, f/p - kobold
Aim: a kobold, wielding a +0 dagger and quivering stones (heavily wounded, 60% to hit)
The sting hits the endoplasm.
The endoplasm partially resists.
The endoplasm is lightly wounded.
You tentacle-slap the endoplasm but do no damage.
The endoplasm is lightly wounded.
The endoplasm barely misses you.
You tentacle-slap the endoplasm but do no damage.
The endoplasm is lightly wounded.
The endoplasm freezes you.
You are frozen.
You barely miss the endoplasm.
The endoplasm is lightly wounded.
The endoplasm freezes you.
You are frozen.
You tentacle-slap the endoplasm but do no damage.
The endoplasm is lightly wounded.
The endoplasm misses you.
You tentacle-slap the endoplasm but do no damage.
The endoplasm is lightly wounded.
The endoplasm closely misses you.
You tentacle-slap the endoplasm.
The endoplasm is moderately wounded.
The endoplasm hits you.
You tentacle-slap the endoplasm.
The endoplasm is severely wounded.
The endoplasm freezes you.
You are frozen.
* * * LOW HITPOINT WARNING * * *
You tentacle-slap the endoplasm but do no damage.
The endoplasm is severely wounded.
The endoplasm misses you.
You tentacle-slap the endoplasm.
You kill the endoplasm!
The kobold throws a stone.
The stone hits you.
* * * LOW HITPOINT WARNING * * *
The kobold hits you with a +0 dagger.
You die...

### ..# #.# #.#
#.# #@# #K#
####r#
#######....#
#.#.#
#..........#
#.#.#
#.~~~~~~~..##
#.#.#
#.~.....~...##
#)#.# #
##.~.(...~....##
#.#.#####.#
#..~..~~.~.~~..#
#.#..†.....


You could see a kobold and a rat.

Vanquished Creatures
  A bat (D:1)
  2 endoplasms (D:1)
  A kobold (D:1)
4 creatures vanquished.

Notes
Turn   | Place    | Note
-------+----------+-------------------------------------------
     0 | D:1      | Sweeb the Octopode Alchemist began the quest for the Orb.
     0 | D:1      | Reached XP level 1. HP: 11/11 MP: 3/3
    82 | D:1      | Slain by a kobold

Illustrated notes

Levels and vault maps discovered:
D:1:      ebering_hopf_link, layout_loops_ring

Action                     || total
---------------------------++-------
  Melee: Unarmed           ||     9
   Cast: Sting             ||     7
 Armour: Skin              ||     8
  Dodge: Dodged            ||     9
